AoeStats
← <|>o.o<|>

Nomad

510348012Analyzed
2v2 RM · 1d ago on Sep 30, 2026· 47m 58s· 4 players
Game mode
Random Map
Map size
176×176
Population
200
Speed
Normal
Resources
Standard
Victory
Conquest
Starting age
Dark Age
Ending age
Imperial Age
RankedLock teamsTeams togetherTeam positionsShared explorationLock speedFull tech treeHidden civsTurbo modeCheats
Victory
Defeat
🇩🇰 Bulgarians · Denmark
1401
+15
🇩🇰 Danes · Denmark
1400
+15
🇨🇭 Berbers · Switzerland
1381
-17
🇨🇭 Varangians · Switzerland
1381
-17
<|>o.o<|>
5:06 Loom
14:38 Feudal Age
18:31 Castle Age
17:30 Double-Bit Axe
21:27 Bow Saw
27:23 Husbandry
27:15 Horse Collar
28:30 Bloodlines
35:56 Imperial Age
34:08 Town Watch
37:42 Forging
40:20 Scale Barding Armor
46:08 Stone Mining
Beisser
13:35 Feudal Age
14:22 Double-Bit Axe
18:54 Castle Age
17:20 Stone Mining
19:52 Bow Saw
20:50 Medium Warships
25:18 Siphons
26:15 Clinker Construction
27:55 Careening
31:50 Loom
33:46 Horse Collar
36:44 Wheelbarrow
36:36 Fletching
39:28 Imperial Age
37:29 Bodkin Arrow
37:57 Ballistics
38:00 Padded Archer Armor
39:14 Leather Archer Armor
39:50 Scale Barding Armor
39:56 Forging
40:23 Bracer
40:55 Bloodlines
40:46 Husbandry
40:28 Elite Camel Archer
42:24 Chemistry
42:58 Hand Cart
42:34 Light Cavalry
44:59 Chain Barding Armor
45:14 Iron Casting
45:33 Hussar
Raunebo
9:54 Loom
12:18 Feudal Age
13:00 Double-Bit Axe
17:02 Castle Age
16:10 Fletching
18:25 Bow Saw
18:15 Bodkin Arrow
18:55 Forging
28:38 Iron Casting
33:42 Wheelbarrow
34:11 Scale Barding Armor
38:06 Chain Barding Armor
41:50 Bloodlines
41:41 Husbandry
43:43 Horse Collar
50:17 Imperial Age
Schlaange
7:16 Loom
13:47 Feudal Age
15:01 Fishing Lines
17:35 Castle Age
16:23 Double-Bit Axe
17:51 Gold Mining
18:35 Bow Saw
18:49 Fletching
19:32 Bodkin Arrow
20:16 Gillnets
24:12 Clinker Construction
24:14 Careening
25:08 Wheelbarrow
27:09 Hand Cart
28:29 Ballistics
29:38 Town Watch
38:31 Imperial Age
37:05 Scale Mail Armor
37:15 Forging
38:22 Squires
38:08 Arson
38:45 Chain Mail Armor
39:42 Conscription
40:57 Chemistry
39:39 Onager
40:39 Pikeman
42:30 Plate Mail Armor
41:55 Halberdier
43:22 Capped Ram
45:34 Elite Skirmisher
Connection lost

Rejoining the realm…

Still unreachable

The connection could not be restored.

Session expired

The server has moved on; the page needs a fresh start.